[Event "97th Argentine Championship 2022"]
[Site "Barichole"]
[Date "2022.12.01"]
[Round "1.1"]
[White "Perez Ponsa, Federico"]
[Black "Acosta, Pablo Ismael"]
[Result "1/2-1/2"]
[ECO "C42"]
[WhiteElo "2538"]
[BlackElo "2461"]
[Annotator "TA"]
[PlyCount "60"]
[EventDate "2022.12.01"]
[EventCountry "ARG"]
[SourceTitle "playchess.com"]
[Source "ChessBase"]
[SourceQuality "1"]
[TimeControl "40/5400+30:1800+30"]

1. e4 e5 2. Nf3 Nf6 3. Nxe5 d6 4. Nf3 Nxe4 5. Nc3 Nxc3 6. dxc3 Nc6 7. Be3 Be7 8. Qd2 Bf5 {[%emt 0:00:46] C42: Petroff Defence: 3 Nxe5 and unusual White 3rd moves.} 9. O-O-O Qd7 10. Kb1 a6 {[%emt 0:08:18] White is slightly better.} 11. Be2 {[%emt 0:06:43] [#]} O-O-O $146 ({Predecessor:} 11... Bf6 12. Nd4 Nxd4 13. Bxd4 Bxd4 14. Qxd4 O-O 15. g4 Be6 16. Bf3 Qb5 17. a4 Qa5 18. Bxb7 {1-0 (107) Wang,H (2756)-Li,C (2690) China 2019}) 12. h3 Rde8 13. Nd4 Be4 14. Rhe1 h5 (14... Bxg2 $2 15. Bg4 $18) 15. Bf1 Bf6 16. Ne2 (16. Nb3 $5 ) 16... Ne7 17. f3 Bc6 18. Nd4 Nf5 19. Bf2 Nxd4 20. Bxd4 Bxd4 21. cxd4 {[%emt 0:02:14] [#] And now d5 would win.} Qf5 22. Bd3 Qf6 23. Be4 Bxe4 (23... d5 $5 24. Bd3 $8 Kb8 $11) 24. fxe4 Re7 25. Re2 Rhe8 26. Rde1 Qh4 27. Qd3 g6 (27... Rxe4 $5 28. g3 Rxe2 29. Rxe2 Qd8 $11) 28. a3 {[%emt 0:00:47] The position is equal.} Re6 29. Ka2 Qd8 30. Re3 Qh4 {[%emt 0:09:53] Weighted Error Value: White=0.04 (flawless) /Black=0.03 (flawless)} 1/2-1/2

[Event "97th Argentine Championship 2022"]
[Site "Barichole"]
[Date "2022.12.01"]
[Round "1.2"]
[White "Peralta, Fernando"]
[Black "Pichot, Alan"]
[Result "1-0"]
[ECO "D24"]
[WhiteElo "2587"]
[BlackElo "2637"]
[Annotator "TA"]
[PlyCount "83"]
[EventDate "2022.12.01"]
[EventCountry "ARG"]
[SourceTitle "playchess.com"]
[Source "ChessBase"]
[SourceQuality "1"]
[TimeControl "40/5400+30:1800+30"]

1. d4 Nf6 2. c4 e6 3. Nf3 d5 4. Nc3 dxc4 5. e4 b5 6. e5 {[%emt 0:00:17] Against a6. D24: Queen's Gambit Accepted: 3 Nf3 Nf6 4 Nc3.} Nd5 7. Nxb5 Nb6 8. Be2 {[%emt 0:01:58] White is slightly better.} Nc6 9. Be3 Be7 10. a3 {[%emt 0:00:42] White is more active.} Bb7 11. Qc2 Na5 12. Nc3 Qd7 13. O-O f5 (13... O-O {feels hotter.} 14. Nd2 Rab8 15. Rfe1 Rfd8) 14. exf6 gxf6 15. Nd2 O-O-O 16. Bf3 Bxf3 17. Nxf3 Rhg8 18. Rad1 {[%emt 0:04:23] [#]} h5 $146 ({Predecessor:} 18... Qc6 19. Qe2 Nd5 20. g3 Bd6 21. Bd2 Rde8 22. Rc1 Nb3 23. Rc2 Nb6 24. Ne4 Rg6 {1-0 (49) Martirosyan,H (2621)-Ivic,V (2606) Warsaw 2021}) 19. Rfe1 h4 (19... Nb3 $14) 20. h3 Bd6 21. Kh1 ({Resist} 21. Nxh4 Kb8 $16) 21... Kb8 22. Qe2 Qc6 23. Bc1 ({Much less strong is} 23. Nxh4 Rh8 24. Nf3 Nb3 $14) 23... Rde8 24. Qe4 Nd5 25. Nxd5 (25. Qh7 {is interesting.} Rh8 26. Qg6 Rhg8 27. Qf7) 25... exd5 ({Black should play} 25... f5 26. Qxh4 Qxd5) 26. Qxh4 $16 Nb3 (26... Be7 $16) 27. Bf4 Rh8 28. Qg4 Kb7 29. Bxd6 Qxd6 30. Qf5 a6 31. g3 Ka7 (31... Ref8 $142 32. h4 Rf7) 32. Kg2 $18 Qc6 33. h4 Re4 34. h5 a5 35. a4 Kb7 36. Kf1 Ka7 37. Kg2 Kb7 38. Qg6 Ka7 $2 {[%emt 0:01:11] [#]} (38... Ree8 39. h6 Reg8) 39. h6 {[%emt 0:01:07] White is clearly winning.} Qd7 40. Qxf6 Qe8 41. Rxe4 dxe4 42. Ne5 {[%emt 0:00:19] Weighted Error Value: White=0.20 (precise) /Black=0.33} 1-0

[Event "97th Argentine Championship 2022"]
[Site "Barichole"]
[Date "2022.12.01"]
[Round "1.3"]
[White "Fiorito, Joaquin"]
[Black "Mareco, Sandro"]
[Result "0-1"]
[ECO "B46"]
[WhiteElo "2344"]
[BlackElo "2619"]
[Annotator "TA"]
[PlyCount "60"]
[EventDate "2022.12.01"]
[EventCountry "ARG"]
[SourceTitle "playchess.com"]
[Source "ChessBase"]
[SourceQuality "1"]
[TimeControl "40/5400+30:1800+30"]

1. e4 c5 2. Nf3 e6 3. d4 cxd4 4. Nxd4 Nc6 5. Nc3 a6 6. Nxc6 bxc6 7. Bd3 d5 8. O-O Nf6 9. Qe2 Be7 10. Bd2 {[%emt 0:10:03] B46: Sicilian: Taimanov: 5 Nc3 a6.} O-O 11. Kh1 Bb7 {[%emt 0:12:23] [#]} 12. Rae1 $146 {[%emt 0:14:48] The position is equal.} ({Predecessor:} 12. f4 c5 13. e5 c4 14. Bxc4 dxc4 15. exf6 Bxf6 16. Be3 Qc7 17. Rad1 Rad8 18. Kg1 {0-1 (53) Samunenkov,I (2433)-Svane,F (2521) Chess.com INT 2022}) 12... Re8 13. e5 {[%emt 0:12:18] Against c5} Nd7 14. f4 Bf8 15. f5 (15. Na4 $11 {remains equal.}) 15... exf5 $17 16. Rxf5 g6 17. Qf3 Bc8 $2 (17... Re7 $17 {and life is bright.} 18. Qg3 Bg7) 18. Rf1 $1 $16 (18. Rxf7 $2 Nxe5 19. Rxf8+ (19. Rxe5 $2 Rxe5 20. Rf6 Re6 $19) 19... Rxf8 $19) 18... Bg7 (18... Nc5 $16 {was worth a try.} 19. Bg5 (19. Rxf7 Be6 $11) 19... Bxf5 20. Bxd8 Nxd3) 19. Bg5 $18 (19. Rxf7 Nxe5 20. Rxg7+ Kxg7 $19) 19... Qc7 20. Rxf7 Qxe5 {[%emt 0:00:14] [#]} 21. Bf4 $2 (21. Na4 $1 $18) 21... Qe6 $1 $36 {[%emt 0:00:56][%mdl 2048] Inhibits b3. Black has good play.} 22. Bg3 {[%emt 0:00:07] [#]} Ne5 $1 23. Bxe5 Qxe5 24. Rf4 Be6 25. Na4 {[%emt 0:00:36] [#]} (25. Qf2 $142) 25... Bh6 {[%emt 0:01:51] A strong pair of Bishops.} (25... g5 $1 $17 26. Rb4 Rf8) 26. Rh4 ({White has to play} 26. Rf6 $1 $15) 26... Rf8 $19 {[%emt 0:00:24] Black is clearly winning.} 27. Qd1 Rxf1+ 28. Qxf1 Rf8 29. Qd1 Bg5 30. Rxh7 Bg4 {[%emt 0:00:23] Black used his chance.   Weighted Error Value: White=0.64/Black=0.19 (very precise)} ({Worse is} 30... Kxh7 31. Qh5+ (31. Bxa6 $2 {is the wrong capture.} Rf2 $19) 31... Kg8 32. Qxg6+ Qg7 33. Qxe6+ Qf7 34. Qxf7+ (34. Nc5 Qxe6 35. Nxe6 Re8 $17) 34... Kxf7 35. b3 $17) 0-1

[Event "97th Argentine Championship 2022"]
[Site "Barichole"]
[Date "2022.12.01"]
[Round "1.4"]
[White "Gaitan, Juan Manuel"]
[Black "Flores, Diego"]
[Result "0-1"]
[ECO "E04"]
[WhiteElo "2347"]
[BlackElo "2547"]
[Annotator "TA"]
[PlyCount "73"]
[EventDate "2022.12.01"]
[EventCountry "ARG"]
[SourceTitle "playchess.com"]
[Source "ChessBase"]
[SourceQuality "1"]
[TimeControl "40/5400+30:1800+30"]

1. d4 d5 2. c4 e6 3. Nf3 Nf6 4. g3 a6 5. Bg2 dxc4 6. O-O b5 7. Ne5 Nd5 8. a4 Bb7 9. b3 cxb3 (9... c3 $5 ) 10. Qxb3 {[%emt 0:00:39] E04: Open Catalan: 5 Nf3.} (10. axb5 {simplifies} axb5 11. Rxa8 Bxa8 12. Qxb3 c6 13. e4) 10... b4 (10... Nc6 {simplifies} 11. Nxc6 Bxc6 12. axb5 axb5 13. Rxa8 Qxa8 14. e4 Nb6) 11. a5 Nd7 12. Qa4 {[%emt 0:12:12] White has an edge.} Bd6 13. e4 Bxe5 ({Black should try} 13... Ne7 $14) 14. exd5 (14. dxe5 $16 Ne7 15. Qxb4) 14... Bxd4 $14 15. dxe6 $1 {[%emt 0:00:10][%mdl 64] Pin} O-O $2 (15... Bxg2 $16 16. exd7+ Qxd7 17. Kxg2 Bxa1 18. Re1+ Kd8) 16. Bxb7 $18 (16. Qxd7 $2 Bxg2 17. Kxg2 Bxa1 $19) 16... Nc5 {[%emt 0:00:42] [#]} 17. Qxb4 (17. e7 $1 $18 Qxe7 18. Qxb4) 17... fxe6 $11 {[%emt 0:00:48] Threatens to win with ...Rb8.} 18. Ra2 Rb8 $36 {[%emt 0:01:31][%mdl 2048] [#] Black is more active.} 19. Rd2 $146 ({Predecessor:} 19. Qc4 Rxb7 20. Ba3 Qd5 21. Qxd5 exd5 22. Rc2 Rxf2 23. Bxc5 Rxf1+ 24. Kxf1 Rxb1+ 25. Kg2 Rb2 {0-1 (27) Santarius,E (2361)-Levine,J (2036) Redmond 2021}) 19... Rxb7 20. Qxd4 Qxd4 21. Rxd4 {[%emt 0:00:08] Strongly threatening Be3.} Rxb1 22. Ba3 Rb5 23. Rc4 Rf5 24. Rfc1 (24. Rd1 $11 {remains equal.} h5 25. Rd8+ Kf7 26. Bb4) 24... Nb3 {[%emt 0:03:28] Black is more active.} 25. Rd1 Rfd5 {[%emt 0:02:59] Inhibits Rd8+.} (25... Rxa5 26. Rd8+ Kf7 27. Rxc7+ Kg6 28. Bb2 $16) 26. Rxd5 exd5 (26... Rxd5 27. Rxc7 e5 28. Rc8+ Kf7 29. Kg2 $11) 27. Rxc7 Rxa5 $15 {[%emt 0:00:56][%mdl 4096] Endgame KRB-KRN} 28. Bb2 d4 {[%emt 0:00:18] And now ...Ra2 would win.} 29. Rd7 Ra4 30. Kg2 Kf8 31. h4 h5 32. Kf3 Ke8 33. Rb7 (33. Rxg7 $2 Ra2 34. Bxd4 (34. Rg8+ $2 Kf7 $19) 34... Nxd4+ $17) 33... Nd2+ 34. Kf4 (34. Ke2 $11 Ne4 35. Rc7) 34... a5 (34... Nc4 $15 35. Kf3 (35. Bxd4 Na5 $17) (35. Rb8+ Kd7 $17) 35... d3) 35. Ke5 $2 (35. Bc1 $1 $11 Nc4 36. Rb8+ Kd7 37. Ke4) 35... Kd8 $2 (35... d3 $17 36. Bc3 Nf3+ 37. Kf5 (37. Ke6 $2 Re4+ 38. Kf5 Rg4 $19) 37... Rg4) 36. Ke6 {[%emt 0:00:44] Black must now prevent Rd7+.} (36. Bxd4 $2 {too greedy.} Nf3+ 37. Ke6 Nxd4+ $19) (36. Bc1 $5 Kc8 37. Rb5 $11 (37. Rxg7 Nb3 $11)) 36... Kc8 37. Kd5 $2 {[%emt 0:02:19][%mdl 8192] What a bad dream for White.   Weighted Error Value: White=0.33/Black=0.32} 0-1

[Event "97th Argentine Championship 2022"]
[Site "Barichole"]
[Date "2022.12.01"]
[Round "1.5"]
[White "Krysa, Leandro"]
[Black "Paveto, Kevin"]
[Result "1-0"]
[ECO "D85"]
[WhiteElo "2524"]
[BlackElo "2431"]
[Annotator "TA"]
[PlyCount "63"]
[EventDate "2022.12.01"]
[EventCountry "ARG"]
[SourceTitle "playchess.com"]
[Source "ChessBase"]
[SourceQuality "1"]
[TimeControl "40/5400+30:1800+30"]

1. Nf3 Nf6 2. c4 g6 3. d4 Bg7 4. Nc3 d5 5. cxd5 Nxd5 6. e4 Nxc3 7. bxc3 c5 8. Rb1 {[%emt 0:00:28] 8.h3 is the modern continuation.} O-O 9. h3 {[%emt 0:00:15] D85: Exchange Grünfeld: Unusual White 7th moves and lines with 7 Nf3.} b6 10. Bc4 {[%emt 0:00:25] Strongly threatening Bd5.} Bb7 {[%emt 0:02:42] [#] Inhibits Bd5.} 11. d5 $146 {[%emt 0:00:44] Black has an edge.} ({Predecessor:} 11. Qe2 Nc6 12. dxc5 Bxc3+ 13. Kf1 Na5 14. Bh6 Bg7 15. Bxg7 Kxg7 16. cxb6 Nxc4 17. Qxc4 axb6 {½-½ (75) Winterberg,L (1925)-Wissemann,A (2088) Bad Homburg 2009}) 11... Bxc3+ 12. Bd2 Bg7 13. Qe2 Qc8 14. h4 Ba6 (14... h6 {simplifies} 15. Rc1 Ba6 16. O-O Bxc4 17. Rxc4 e6) 15. h5 $1 e6 {[%emt 0:15:19] White must now prevent ...exd5.} 16. hxg6 hxg6 17. d6 $1 {[%emt 0:05:28] And now e5 would win.} Bxc4 18. Qxc4 {[%emt 0:00:30] Threatens to win with e5.} e5 19. Nh4 Nc6 {[%emt 0:13:00] Hoping for ...Rd8.} 20. Nxg6 {[%emt 0:16:54][%cal Ob1b3] Rb3! is the strong threat.} Rd8 (20... Re8 $1 $11 {remains equal.}) 21. Rb3 $1 $40 {[%emt 0:03:37][%cal Bb1b3,Bb3g3,Bg3g7,Bg7f7][%mdl 160] Intending Rg3 and mate. White has strong attack. White has more active pieces.} Rxd6 22. Rg3 (22. Rf3 $2 Qb7 $19) 22... Qb7 $2 {[%emt 0:01:30][%mdl 8192] Loses the game.} (22... Qe6 $16 23. Rh8+ Bxh8 24. Nf4+ (24. Nxe5+ $2 Kf8 $19) 24... Bg7 25. Nxe6 Rxe6) 23. Bh6 $1 $18 {[%emt 0:07:07] Bxg7 would kill now.} Rad8 {[%emt 0:03:29] [#]} 24. Ne7+ $1 Qxe7 25. Rxg7+ Kh8 26. Rxf7 {[%emt 0:02:14] White wants to mate with Bg7+.} (26. Qxf7 $2 {too greedy.} Rd1+ 27. Ke2 Qxf7 28. Rxf7 Rxh1 $19) (26. Bg5+ Kxg7 27. Bxe7 Nxe7 $11) 26... Rd1+ 27. Ke2 Rxh1 28. Bg7+ Kh7 29. Bf6+ $2 (29. Bxe5+ {mates} Kh6 30. Rxe7 Nxe7 31. Qf7 Rg8 32. Bf4+ Rg5 33. Qxe7 Rhh5 34. Qf6+ Kh7 35. Bxg5) 29... Kg6 {[%emt 0:00:09] White is winning.} 30. Bxe7 {[%emt 0:00:35] White threatens Qe6+ and mate. The board is on fire.} Nd4+ {[%emt 0:00:05] [#]} 31. Kd2 $1 Nb3+ {[%emt 0:01:52] [#]} 32. Kc3 $1 {[%emt 0:01:08] Weighted Error Value: White=0.20 (precise) /Black=0.35} ({Don't blunder} 32. Ke3 $2 Re1+ 33. Kf3 (33. Qe2 $2 Rxe2+ 34. Kxe2 Rd2+ 35. Ke1 Kxf7 $19) 33... Nd2+ 34. Kg3 Nxc4 $19) 1-0

[Event "97th Argentine Championship 2022"]
[Site "Barichole"]
[Date "2022.12.01"]
[Round "1.6"]
[White "Valerga, Diego"]
[Black "Sorin, Ariel"]
[Result "1/2-1/2"]
[ECO "C77"]
[WhiteElo "2438"]
[BlackElo "2363"]
[Annotator "TA"]
[PlyCount "82"]
[EventDate "2022.12.01"]
[EventCountry "ARG"]
[SourceTitle "playchess.com"]
[Source "ChessBase"]
[SourceQuality "1"]
[TimeControl "40/5400+30:1800+30"]

1. e4 e5 2. Nf3 Nc6 3. Bb5 a6 4. Ba4 Nf6 5. Nc3 b5 6. Bb3 Be7 7. a4 $1 {[%emt 0:01:29][%mdl 4] is recently more successful than 7.d3. C77: Ruy Lopez: 3...a6 4 Ba4 Nf6, unusual lines.} b4 8. Nd5 d6 9. d4 O-O (9... Nxe4 10. Qd3 f5 11. Be3 $16 (11. Qc4 Na5 $14)) 10. O-O Rb8 (10... Nxe4 11. Qd3 Nf6 12. Ng5 $16) (10... Bg4 {simplifies} 11. Nxe5 dxe5 12. Nxf6+ Bxf6 13. Qxg4 Nxd4 14. Qd1 Nxb3 15. cxb3 Qd4) 11. dxe5 dxe5 12. Be3 Bg4 {[%emt 0:09:32] [#]} (12... Nxe4 13. Nxe7+ Nxe7 14. Qxd8 (14. Nxe5 Qd6 $16) 14... Rxd8 15. Nxe5 $16) 13. h3 $146 ({Predecessor:} 13. a5 Nxd5 14. Bxd5 Nd4 15. Bxd4 exd4 16. h3 Bxf3 17. Qxf3 c5 18. Bc4 Bd6 19. Qf5 {1-0 (41) Balogh,C (2629)-Klekowski,M (2499) Slovakia 2019}) 13... Bh5 14. Qe2 Nd4 15. Bxd4 (15. Qxa6 $6 Nxd5 16. Bxd4 exd4 17. Bxd5 Bxf3 18. gxf3 Rb6 $11) 15... Bxf3 16. Qxf3 (16. gxf3 exd4 17. Nxf6+ (17. Qxa6 Nxd5 18. Bxd5 Rb6 $11) 17... Bxf6 $14) 16... exd4 17. Nxf6+ Bxf6 18. Qd3 a5 19. f4 Be7 20. e5 Kh8 21. Rae1 c5 22. Bc4 Rb6 23. Re2 Rh6 24. g4 Rb6 (24... f6 $16 {keeps fighting.}) 25. b3 f6 26. Rfe1 $1 {[%emt 0:06:35] aiming for exf6.} g6 27. f5 (27. exf6 $1 $18 {is more deadly.} Bxf6 28. g5) 27... fxe5 $16 28. fxg6 ({White should play} 28. Rxe5 $16 Bd6 29. Rd5) 28... Rxg6 ({Better is} 28... Bh4 $11 29. Rf1 Rbf6 30. Rxf6 Qxf6) 29. Rxe5 $14 Bd6 (29... Bh4 $14 30. Rf1 Rgf6) 30. Rh5 $1 $36 {[%emt 0:02:01][%mdl 2048] White has strong initiative. Active counter play!} Qf6 {[%emt 0:00:35] ( -> ...Qf2+)} 31. Rf1 {[%emt 0:00:38] Against Qf2+. The board is on fire.} Qg7 (31... Qxf1+ $16 {might work better.} 32. Qxf1 Rxf1+ 33. Bxf1 Kg7) 32. Rxf8+ $18 Bxf8 33. Qe4 (33. Qf3 $1 $18 {Strongly threatening Rf5.} Rf6 34. Qd5) 33... Rh6 (33... Rg5 $14 34. Rxg5 Qxg5) 34. Rf5 $1 {[%emt 0:01:06] Qf3 would kill now.} Rf6 (34... Rxh3 35. Rxf8+ $1 Qxf8 36. Qe5+ Qg7 37. Qe8+) 35. Re5 Bd6 36. Re8+ Rf8 {[%emt 0:00:15] [#]} 37. Bd3 ({White must play} 37. Re6 $1 $18 Qc7 38. Kg2) 37... Rxe8 $14 38. Qxe8+ Bf8 39. Qd8 Qh6 40. Kg2 ({Much worse is} 40. Qxa5 Qe3+ 41. Kg2 Qd2+ 42. Kh1 Qd1+ 43. Kg2 Qd2+ 44. Kh1 Qd1+ 45. Kg2 Qd2+ $11) (40. g5 $14 Qd6 41. Qxd6 (41. Qxa5 c4 $11) (41. Qf6+ Qxf6 42. gxf6 Bd6 $16) 41... Bxd6 42. Kf2) 40... Qd2+ $11 41. Kf3 Qe3+ {[%emt 0:05:24] Weighted Error Value: White=0.18 (very precise) /Black=0.21 (precise)} 1/2-1/2

[Event "97th Argentine Championship 2022"]
[Site "Barichole"]
[Date "2022.12.02"]
[Round "2.1"]
[White "Mareco, Sandro"]
[Black "Peralta, Fernando"]
[Result "1/2-1/2"]
[ECO "C11"]
[WhiteElo "2619"]
[BlackElo "2587"]
[Annotator "TA"]
[PlyCount "66"]
[EventDate "2022.12.01"]
[EventCountry "ARG"]
[SourceTitle "playchess.com"]
[Source "ChessBase"]
[SourceQuality "1"]
[TimeControl "40/5400+30:1800+30"]

1. e4 e6 2. d4 d5 3. Nc3 Nf6 4. e5 Nfd7 5. f4 c5 6. Nf3 Nc6 7. Be3 cxd4 8. Nxd4 Qb6 9. a3 Bc5 (9... Qxb2 $2 10. Na4 $18) 10. Ncb5 $1 {[%emt 0:00:15][%mdl 4] is more profitable than 10.Na4 at the moment. C11: French: Classical System: 4 e5 and 4 Bg5 dxe4.} (10. Na4 $5 Qa5+ $8 11. Nc3 Nxd4 12. Bxd4 $11) 10... a6 {[%emt 0:03:27] Inhibits b4.} 11. b4 axb5 12. bxc5 Qxc5 {[%emt 0:01:14] ...Ra4 is the strong threat.} ({Don't take} 12... Nxc5 13. Nb3 d4 14. Nxd4 $14 (14. Bxd4 Nxd4 15. Qxd4 Nd7 $14)) 13. Qd3 {[%emt 0:00:05][%cal Od4e6] [#] Black must now prevent Nxe6!} Nxd4 14. Bxd4 {[%emt 0:00:29] [#]} Qe7 $146 ({Predecessor:} 14... Qc4 15. Qd2 Qc6 16. Rb1 Rxa3 17. Bxb5 Qc7 18. O-O O-O 19. Qb4 Ra2 20. Ba4 Qc4 21. Qxc4 {½-½ (24) Laketic,G (2346)-Levi,N (2214) Novi Sad 2019}) 15. Qc3 {[%emt 0:19:30] Against b4} O-O 16. Qb4 $36 {[%emt 0:14:02][%mdl 2048] Prevents b6. White has the initiative.} Qh4+ (16... Qxb4+ {simplifies} 17. axb4 Rxa1+ 18. Bxa1 Nb6) 17. g3 Qd8 18. Bxb5 {[%emt 0:00:06] This pair of bishops is nice.} ({Don't play} 18. Qxb5 Qc7 $11) 18... b6 $1 19. Qd6 Nc5 20. Qxd8 Rxd8 21. Kd2 Ba6 22. Rhb1 Rdc8 {[%emt 0:02:35] Inhibits Bc6.} 23. a4 h5 24. Ke3 Bxb5 25. axb5 Nd7 26. Kd2 Kf8 27. Rxa8 Rxa8 28. Ra1 Rxa1 29. Bxa1 $11 {[%emt 0:00:06] KB-KN} f5 {[%emt 0:05:05] The position is equal.} 30. Bd4 Ke7 31. c4 dxc4 32. Kc3 Kd8 33. Kxc4 Kc7 {[%emt 0:00:20] Weighted Error Value: White=0.05 (flawless) /Black=0.06 (flawless)} 1/2-1/2

[Event "97th Argentine Championship 2022"]
[Site "Barichole"]
[Date "2022.12.02"]
[Round "2.2"]
[White "Flores, Diego"]
[Black "Krysa, Leandro"]
[Result "1-0"]
[ECO "A22"]
[WhiteElo "2547"]
[BlackElo "2524"]
[Annotator "TA"]
[PlyCount "105"]
[EventDate "2022.12.01"]
[EventCountry "ARG"]
[SourceTitle "playchess.com"]
[Source "ChessBase"]
[SourceQuality "1"]
[TimeControl "40/5400+30:1800+30"]

1. c4 e5 2. e3 Nf6 3. Nc3 Bb4 4. Nd5 Nxd5 5. cxd5 O-O 6. a3 {[%emt 0:02:37] A22: English Opening: 1...e5 2 Nc3 Nf6.} Be7 7. Bc4 d6 8. Ne2 {[%emt 0:01:01] The position is equal.} Nd7 9. Nc3 c6 10. O-O {[%emt 0:03:57] [#]} Nb6 $146 ({Predecessor:} 10... a6 11. Ba2 c5 12. d4 f5 13. dxe5 Nxe5 14. f4 Nf7 15. Bb1 Bf6 16. Kh1 Re8 {0-1 (36) Hocevar,N (2028)-Wegerer,F (2142) Graz 2011}) 11. Ba2 cxd5 12. Nxd5 Be6 13. Nxb6 Qxb6 14. Bxe6 fxe6 15. b4 a5 16. Bb2 Bf6 17. Bc3 a4 18. Qg4 d5 19. Rac1 Qd6 20. Qg3 Rad8 21. Bb2 e4 22. Qxd6 (22. Bxf6 {simplifies} Rxf6 23. Qxd6 Rxd6 24. b5) 22... Rxd6 23. Bxf6 gxf6 $14 {[%emt 0:00:36][%mdl 4096] Endgame KRR-KRR} 24. f3 f5 25. Rc7 Rf7 26. Rfc1 d4 27. fxe4 dxe3 28. dxe3 fxe4 29. R7c4 Rfd7 (29... Rd3 $11) 30. Rxe4 Rd3 31. Ra1 ({Don't play} 31. Rxe6 Rxa3 32. h4 Rb3 $15) 31... Kf7 32. b5 R7d5 33. Rxa4 Rxb5 34. Rf1+ Ke7 35. Rh4 h5 36. a4 Rg5 37. Rb4 Rd2 {[%emt 0:00:33] White leaves nothing to chance now.} ({Better is} 37... Rxe3 $14 38. Rxb7+ Kd6) 38. g3 b6 39. Rxb6 h4 {[%emt 0:00:13] [#]} (39... Ra2 $16 40. Rb7+ Kd6) 40. Rb7+ $1 $18 Kd6 41. Rff7 {[%emt 0:06:46] And now Rbd7+ would win.} Rgd5 $2 (41... Rc2 42. Rb6+ Kd5 43. Rb5+ Rc5) 42. Rbd7+ Ke5 43. Rxd5+ exd5 {[%emt 0:00:33] KR-KR} 44. Rf2 Rd1+ 45. Rf1 Rd2 (45... Rd3 46. gxh4 Ra3) 46. Ra1 hxg3 47. hxg3 {[%emt 0:00:08] Threatens to win with a5.} Ke4 48. a5 {[%emt 0:00:30][%cal Ba4a5,Ba5a6,Ba6a7][%mdl 32] a6 would kill now.} Kf3 49. a6 {[%emt 0:00:19] White mates.} Rg2+ 50. Kh1 Rxg3 51. a7 Rh3+ 52. Kg1 Rg3+ {[%emt 0:00:13] [#]} 53. Kh2 $1 {[%emt 0:00:10] Weighted Error Value: White=0.10 (very precise) /Black=0.46} 1-0

[Event "97th Argentine Championship 2022"]
[Site "Barichole"]
[Date "2022.12.02"]
[Round "2.3"]
[White "Acosta, Pablo Ismael"]
[Black "Pichot, Alan"]
[Result "1/2-1/2"]
[ECO "D38"]
[WhiteElo "2461"]
[BlackElo "2637"]
[Annotator "TA"]
[PlyCount "85"]
[EventDate "2022.12.01"]
[EventCountry "ARG"]
[SourceTitle "playchess.com"]
[Source "ChessBase"]
[SourceQuality "1"]
[TimeControl "40/5400+30:1800+30"]

1. d4 Nf6 2. c4 e6 3. Nf3 d5 4. Nc3 Bb4 5. Qa4+ Nc6 6. a3 Bxc3+ 7. bxc3 Bd7 8. cxd5 {[%emt 0:02:58] D38: Queen's Gambit Declined: Ragozin Defence (4 Nf3 Bb4).} exd5 9. Bg5 h6 10. Bh4 O-O 11. e3 Re8 12. Qc2 {[%emt 0:13:14] [#]} Na5 $146 ({Predecessor:} 12... g5 13. Bg3 Ne4 14. Nd2 Bf5 15. Nxe4 Bxe4 16. Qd1 Qd7 17. h4 g4 18. h5 Kh7 {1-0 (40) Le,Q (2709)-Navara,D (2700) chess24.com INT 2022}) 13. Bd3 {[%emt 0:01:32] Against c5} c5 14. O-O Rc8 (14... g5 $11 15. Bg3 c4) 15. Ne5 $1 $16 Be6 (15... Rc7 $142) 16. f4 {[%emt 0:03:10] White has more active pieces.} Qd6 17. f5 {[%emt 0:10:21] Inhibits c4.} (17. Qe2 $16) 17... Bd7 $14 18. Qe2 {[%emt 0:02:14] Hoping for Nxd7.} (18. Bxf6 {simplifies} gxf6 19. Nxd7 Qxd7 20. Rf3) 18... Rxe5 19. Bg3 {[%emt 0:05:15][%mdl 64] Pin} (19. Bxf6 {is interesting.} Qxf6 20. dxe5 Qxe5 21. f6) 19... Nc6 20. dxe5 ({Don't play} 20. Bxe5 Nxe5 21. dxe5 Qxe5 $17) 20... Nxe5 21. c4 Bc6 22. Rad1 (22. cxd5 $11 Qxd5 23. Bc2) 22... dxc4 (22... Qe7 $1 $15) 23. Bxc4 $11 Qe7 {[%emt 0:02:47] [#]} 24. Be6 $1 $36 {[%emt 0:05:09][%mdl 2048] Inhibits a6. Black is under pressure. A strong pair of Bishops.} Ned7 (24... fxe6 25. Bxe5) 25. Bxd7 ({Reject} 25. Bd6 Qe8 26. Bxd7 Bxd7 $11) 25... Nxd7 26. e4 $1 Re8 {[%emt 0:04:15] Against e5} 27. Rfe1 {[%emt 0:06:44] Black must now prevent e5.} Qg5 (27... Ne5 $14) 28. Qf2 $1 $16 Qh5 {[%emt 0:08:54] [#]} 29. Qf3 (29. e5 $142 $1) 29... Qg5 30. Qf4 Qh5 31. Qf3 Qg5 32. Bf4 {[%emt 0:00:18] Inhibits Ne5.} ({Better is} 32. h4 $16 Qe7 33. Qc3) 32... Qf6 33. Rd6 Ne5 34. Qd1 Qe7 {[%emt 0:01:31] [#]} (34... Qh4 $1 $14 35. Bg3 Qg5) 35. Bxe5 ({White should play} 35. f6 $1 $16 gxf6 36. Bxh6) 35... Qxe5 $11 {[%emt 0:00:01] The position is equal.} 36. Rd8 (36. Qd3 {keeps more tension.} c4 37. Qd4 c3 38. Qxe5 Rxe5 39. Rd4) 36... Rxd8 $1 37. Qxd8+ {[%emt 0:00:05][%mdl 4096] Endgame KQR-KQB} Kh7 38. Qd3 b5 39. Qg3 Qd4+ 40. Qe3 Qe5 41. Qg3 Qd4+ 42. Qf2 {[%emt 0:01:37] Threatens to win with Qxd4.} Qe5 43. Qg3 {[%emt 0:27:03] Weighted Error Value: White=0.18 (very precise) /Black=0.18 (very precise)} 1/2-1/2